 Dungeon Crawl Stone Soup version 0.30.1-9-gdf580d7c3d (webtiles) character file.

Game seed: 18343877316901143228

319 lonewolfV2 the Shield-Bearer (level 6, 0/72 HPs)
             Began as a Formicid Fighter on Oct 10, 2023.
             Succumbed to a kobold brigand's poison
             ... on level 3 of the Dungeon.
             The game lasted 00:03:33 (2201 turns).

lonewolfV2 the Shield-Bearer (Formicid Fighter)     Turns: 2201, Time: 00:03:34

Health: 0/72       AC: 23    Str: 20    XL:     6   Next: 75%
Magic:  6/6        EV:  2    Int:  8    God:
Gold:   108        SH:  5    Dex: 15    Spells: 5/5 levels left

rFire   . . .        a - +0 war axe
rCold   . . .        c - +0 buckler
rNeg    . . .        b - melded +0 scale mail
rPois   +            (helmet unavailable)
rElec   .            (cloak currently unavailable)
rCorr   .            (gloves currently unavailable)
SInv    .            (boots currently unavailable)
Will    .....        p - amulet of magic regeneration
Stlth   +            (no ring)
HPRegen 0.32/turn    (no ring)
MPRegen 0.50/turn

%: no passive effects
@: lethally poisoned (0 -> -21), tree-form, attractive
A: stationary, stasis, torment immunity, boosted hp, permanent stasis, dig
shafts and tunnels, (antennae 3), four strong arms
a: no special abilities


You were on level 3 of the Dungeon.
You were a tree.
You visited 1 branch of the dungeon, and saw 4 of its levels.

You collected 108 gold pieces.

Inventory:

Hand Weapons
 a - a +0 war axe (weapon)
Armour
 b - a +0 scale mail (melded)
 c - a +0 buckler (worn)
Jewellery
 p - an amulet of magic regeneration (around neck)
Wands
 m - a wand of paralysis (2)
Scrolls
 e - a scroll of enchant weapon {unknown}
 g - 2 scrolls of identify
 h - 3 scrolls of magic mapping {unknown}
 k - a scroll of amnesia {unknown}
 l - a scroll of blinking {unknown}
 n - a scroll of fog {unknown}
Potions
 d - a potion of might
 f - 2 potions of flight
 q - a potion of mutation {unknown}


   Skills:
 + Level 4.0 Fighting
 + Level 4.1 Axes
 + Level 4.7 Armour
 + Level 1.3 Dodging
 + Level 0.3 Stealth
 + Level 5.5 Shields


You had 5 spell levels left.
You didn't know any spells.
Your spell library contained the following spells:

 Spells                   Type           Power      Damage    Failure   Level
 Inner Flame              Hex/Fire       0%         N/A       83%         3
 Yara's Violent Unravell  Hex/Tmut       0%         3d3       100%        5
 Enfeeble                 Hex            0%         N/A       100%        7


Dungeon Overview and Level Annotations

Branches:
Dungeon (4/15)
 Temple: D:4-7

Altars:

Shops:
D:1 [   D:4 *


Innate Abilities, Weirdness & Mutations

You are a tree.
Your roots penetrate the ground, keeping you stationary.
You cannot be teleported.
You are immune to unholy pain and torment.
Your maximum health is greatly increased.
Your equipment is partially melded.
You cannot be hasted, slowed, berserked, paralysed or teleported.
You can dig through walls and to a lower floor.
((You have a pair of large antennae on your head. (SInv)))
Your four strong arms can wield two-handed weapons with a shield.


Message History

The kobold brigand throws a poisoned dart.
The poisoned dart hits you!
You are more poisoned.
You feel very sick. The kobold brigand closely misses you.
The kobold shouts!
You hit the kobold brigand.
The kobold brigand is lightly wounded.
You feel very sick. The kobold brigand barely misses you.
You closely miss the kobold brigand.
The kobold brigand is lightly wounded.
You feel sick.
The kobold brigand hits you with a +2 dagger of venom.
You are more poisoned.
The kobold brigand closely misses you.
You miss the kobold brigand.
The kobold brigand is lightly wounded.
You hit the kobold.
You feel very sick. The kobold hits you but does no damage.
The kobold brigand hits you with a +2 dagger of venom.
You are lethally poisoned!
It was a potion of haste.
Your stasis prevents you from being hasted.
* * * LOW HITPOINT WARNING * * *
You feel very sick. The kobold barely misses you.
The kobold brigand hits you with a +2 dagger of venom.
* * * LOW HITPOINT WARNING * * *
You are more poisoned.
It was a potion of lignification.
You turn into a tree.
Your +0 scale mail melds into your body.
Your roots penetrate the ground.
* * * LOW HITPOINT WARNING * * *
You feel very sick. You block the kobold brigand's attack.
It was a potion of attraction.
You feel attractive to monsters.
You die...

.#...).............###########.#.
.#........######'#####...........
.#........# #..†..#.#######.##
.#........# ####.##.# #....
..........# #.##.######..##
......##### #.##.#~~~~~..#
......# #######....~~~~~~~~#
......#######...KK###~~~~≈≈~~###
..........))....♣K..######≈###
.....###.)...#####....K. ###{
.....# #.#####≈≈≈###....


KK{ ### ###### #..#~~≈~≈~~~######.K.###.> ##.##~~~~~~~~~########...#
#.....~~~..)##........### #####.....#....######## ############ You could see a
kobold brigand and 3 kobolds.

Vanquished Creatures
  Sigmund (D:4)
  An orc wizard (D:3)
  An iguana (D:4)
  4 adders
  A dart slug (D:3)
  5 orcs (D:3)
  4 bats (D:1)
  4 endoplasms
  3 giant cockroaches
  4 goblins
  6 hobgoblins
  3 jackals (D:2)
  6 kobolds
  5 ball pythons
  5 frilled lizards
  3 rats
56 creatures vanquished.

Notes
Turn   | Place    | Note
-------+----------+-------------------------------------------
     0 | D:1      | lonewolfV2 the Formicid Fighter began the quest for the
                  | Orb.
     0 | D:1      | Reached XP level 1. HP: 18/18 MP: 1/1
   143 | D:1      | Reached XP level 2. HP: 24/24 MP: 2/2
   418 | D:1      | Found Ruomu's Antique Armour Emporium.
   522 | D:1      | Reached XP level 3. HP: 29/29 MP: 3/3
   600 | D:1      | Found a faded altar of an unknown god.
   831 | D:2      | Reached XP level 4. HP: 12/35 MP: 4/4
   935 | D:2      | Reached skill level 5 in Shields
  1579 | D:3      | You fall into a shaft and drop 1 floor!
  1645 | D:4      | Noticed Sigmund
  1653 | D:4      | Killed Sigmund
  1654 | D:4      | Reached skill level 1 in Dodging
  1654 | D:4      | Reached XP level 5. HP: 34/42 MP: 5/5
  1654 | D:4      | Reached XP level 6. HP: 39/48 MP: 6/6
  1820 | D:4      | Found Fyguis's Assorted Antiques.
  2201 | D:3      | Succumbed to a kobold brigand's poison

Illustrated notes

Levels and vault maps discovered:
D:1:      dpeg_arrival_three_smaller_balls, layout_rooms, serial_shops, shop,
          dreamdust_ecumenical_altar_angels_and_demons,
          corexii_item_surrounded_by_moat, nicolae_titane
D:2:      layout_basic
D:3:      cheibrodos_thug_alley, layout_basic, lemuel_tele_altar,
          serial_park_tiny_2
D:4:      layout_layer_cave, serial_shops, nicolae_shop_tiny_real_fake_doors,
          nicolae_book_shop_shelving, minmay_close_crescents, uniq_sigmund,
          uniq_blork_the_orc

Skill      XL: |  1  2  3  4  5  6 |
---------------+-------------------+-----
Shields        | 5 |  5.5
Armour         | 4 |  4.7
Axes           | 3 4 |  4.1
Dodging        | 1 |  1.3
Fighting       | 4 |  4.0
Stealth        | |  0.3

Action                     |  1- 3 |  4- 6 || total
---------------------------+-------+-------++-------
  Melee: War axe           |    92 |    77 ||   169
    Use: Scroll            |     3 |       ||     3
         Potion            |       |     3 ||     3
 Armour: Scale mail        |    56 |    19 ||    75
  Dodge: Dodged            |    75 |    40 ||   115
  Block: Buckler           |    44 |    26 ||    70
